 Dungeon Crawl Stone Soup version 0.31-a0-705-ga145531891 (webtiles) character file.

Game seed: 10899549115449625986

303 randomguy2701 the Chopper (level 6, -5/53 HPs)
             Began as a Hill Orc Fighter on Sept 10, 2023.
             Killed from afar by Dowan (19 damage)
             ... with a shard of ice
             ... on level 4 of the Dungeon.
             The game lasted 00:01:49 (1777 turns).

randomguy2701 the Chopper (Hill Orc Fighter)        Turns: 1777, Time: 00:01:49

Health: -5/53      AC:  7    Str: 19    XL:     6   Next: 38%
Magic:  6/6        EV:  9    Int:  8    God:
Gold:   159        SH:  5    Dex: 12    Spells: 5/5 levels left

rFire   . . .        a - +0 war axe
rCold   . . .        c - +0 buckler
rNeg    . . .        b - +0 scale mail
rPois   .            (no helmet)
rElec   .            (no cloak)
rCorr   +            (no gloves)
SInv    .            (no boots)
Will    .....        f - amulet of regeneration Stlth
                     j - ring of resist corrosion
HPRegen 1.08/turn    (no ring)
MPRegen 0.10/turn

%: no passive effects
@: mighty
A: no striking features
a: no special abilities


You were on level 4 of the Dungeon.
You visited 1 branch of the dungeon, and saw 4 of its levels.

You collected 159 gold pieces.

Inventory:

Hand Weapons
 a - a +0 war axe (weapon)
Missiles
 q - a throwing net
Armour
 b - a +0 scale mail (worn)
 c - a +0 buckler (worn)
Jewellery
 f - an amulet of regeneration (around neck)
 j - a ring of resist corrosion (left hand)
 o - a ring of protection from cold
Scrolls
 l - a scroll of enchant armour {unknown}
 m - a scroll of torment {unknown}
 p - 2 scrolls of revelation {unknown}
Potions
 d - a potion of might
 e - 2 potions of haste {unknown}
 g - 2 potions of heal wounds {unknown}
 h - a potion of berserk rage {unknown}
 i - 2 potions of attraction {unknown}
 k - a potion of invisibility {unknown}
 n - a potion of lignification {unknown}


   Skills:
 + Level 4.5 Fighting
 + Level 5.7 Axes
 + Level 4.6 Armour
 + Level 1.0 Dodging
 + Level 0.1 Stealth
 + Level 4.2 Shields


You had 5 spell levels left.
You didn't know any spells.
Your spell library contained the following spells:

 Spells                   Type           Power      Damage    Failure   Level
 Volatile Blastmotes      Fire/Tloc      0%         2d10      99%         3
 Fulminant Prism          Conj/Hex       0%         3d5       100%        4
 Iskenderun's Mystic Bla  Conj/Tloc      0%         2d3       100%        4


Dungeon Overview and Level Annotations

Branches:
Dungeon (4/15)             Temple (0/1) D:4

Altars:

Annotations:
D:4 Dowan


Message History

You are too injured to fight recklessly!
Unknown command.
You are too injured to fight recklessly!
You feel very mighty all of a sudden.
The ball python hisses angrily.
Duvessa completely misses you.
You slash Duvessa!
Duvessa is moderately wounded.
Dowan gestures at you while chanting. The puff of flame hits you.
Duvessa hits you with a +0 rapier!
* * * LOW HITPOINT WARNING * * *
Duvessa says, "My weaknesses are his strengths!"
Duvessa hits you but does no damage.
You slash Duvessa!
Duvessa is almost dead.
Duvessa hits you with a +0 rapier.
* * * LOW HITPOINT WARNING * * *
You closely miss Duvessa.
Duvessa is almost dead.
Duvessa hits you with a +0 rapier.
* * * LOW HITPOINT WARNING * * *
You slash Duvessa!
You kill Duvessa!
Dowan seems overcome with grief.
Dowan seems to find hidden reserves of power!
You hit the ball python.
You kill the ball python!
You closely miss Dowan. Dowan hits you but does no damage.
Dowan casts a spell.
Dowan blinks!
Your Dodging skill increases to level 1!
You have reached level 6!
Dowan hits you but does no damage.
You see here a ball python corpse.
You hit Dowan but do no damage.
Dowan is moderately wounded.
You block Dowan's attack.
Dowan points at you and mumbles some strange words.
The shard of ice hits you!!
You die...

#....<...#
....##.....# #
#..#...# . #######
##.##...# ..
#.....# #..######
...#.....# #.#...#
.........# #.#...#
###....).###.#[..#
.......@.........#
###...e..##.##...#
#......#..# ...#
#......#.## ...#
>.......#. ###
.##......#.
###.####. #. #<


You could see Dowan (fast).

Vanquished Creatures
  Duvessa (D:4)
  Natasha (twice) (D:3)
  4 gnolls (D:3)
  4 adders
  3 dart slugs
  4 orcs
  6 ball pythons
  3 endoplasms
  A giant cockroach (D:1)
  8 goblins
  7 hobgoblins
  4 jackals (D:1)
  3 bats
  A frilled lizard (D:3)
  6 kobolds
  7 rats
64 creatures vanquished.

Notes
Turn   | Place    | Note
-------+----------+-------------------------------------------
     0 | D:1      | randomguy2701 the Hill Orc Fighter began the quest for the
                  | Orb.
     0 | D:1      | Reached XP level 1. HP: 19/19 MP: 1/1
    93 | D:1      | Reached XP level 2. HP: 18/27 MP: 2/2
   478 | D:1      | Reached XP level 3. HP: 33/33 MP: 3/3
   740 | D:2      | Reached skill level 3 in Axes
  1019 | D:2      | Reached XP level 4. HP: 40/40 MP: 4/4
  1402 | D:3      | Reached skill level 4 in Axes
  1413 | D:3      | Reached XP level 5. HP: 35/46 MP: 5/5
  1471 | D:3      | Noticed Natasha
  1475 | D:3      | Killed Natasha
  1476 | D:3      | Reached skill level 5 in Axes
  1669 | D:3      | Noticed Natasha
  1674 | D:3      | Killed Natasha
  1724 | D:4      | Found a staircase to the Ecumenical Temple.
  1757 | D:4      | Noticed Dowan
  1757 | D:4      | Noticed Duvessa
  1775 | D:4      | Killed Duvessa
  1776 | D:4      | Reached skill level 1 in Dodging
  1776 | D:4      | Reached XP level 6. HP: 11/53 MP: 6/6
  1777 | D:4      | Killed from afar by Dowan

Illustrated notes

Levels and vault maps discovered:
D:1:      dpeg_arrival_pond, layout_basic, minivault_25
D:2:      layout_rooms
D:3:      layout_rooms, uniq_natasha
D:4:      layout_rooms, old_standard_altar, minmay_temple_entry_fiery,
          gammafunk_ghost_grave, uniq_duvessa, uniq_crazy_yiuf_cottage

Skill      XL: |  1  2  3  4  5 |
---------------+----------------+-----
Armour         | 4 |  4.6
Axes           | 3 4 5 |  5.7
Fighting       | 4 |  4.5
Shields        | 4 |  4.2
Dodging        | 1 |  1.0
Stealth        | |  0.1

Action                     |  1- 3 |  4- 6 || total
---------------------------+-------+-------++-------
  Melee: War axe           |    96 |    84 ||   180
    Use: Potion            |       |     1 ||     1
 Armour: Scale mail        |    79 |    77 ||   156
  Dodge: Dodged            |    40 |    44 ||    84
  Block: Buckler           |    28 |    24 ||    52

Table legend: (Time is in decaauts)
 A = Elapsed time spent in this place.
 B = Non-inter-level travel time spent in this place.
 C = Inter-level travel time spent in this place.
 D = Time resting spent in this place.
 E = Time spent auto-exploring this place.
 F = Levels seen in this place.
 G = Mean time per level.
                   A        B        C        D        E       F      G
               +--------+--------+--------+--------+--------+-----+--------+
         Total |   1839 |   1784 |     55 |      0 |   1346 |   4 |  459.8 |
       Dungeon |   1839 |   1784 |     55 |      0 |   1346 |   4 |  459.8 |
               +--------+--------+--------+--------+--------+-----+--------+

Top non-repeatable levels by time:
     D:1: 750 daAuts
     D:3: 532 daAuts
     D:2: 477 daAuts
     D:4: 78 daAuts
